 Dungeon Crawl Stone Soup version 0.24.0-123-gd5b16e6ec5 (webtiles) character file.

Game seed: 12443879766082300611, levelgen mode: deterministic

52196 dongers the Severer (level 14, -3/126 HPs)
             Began as a Minotaur Berserker on Dec 24, 2019.
             Was a High Priest of Trog.
             Slain by a white very ugly thing (87 damage)
             ... on level 2 of the Swamp.
             The game lasted 02:13:50 (18053 turns).

dongers the Severer (Minotaur Berserker)           Turns: 18053, Time: 02:13:53

Health: -3/126     AC: 22    Str: 29    XL:     14   Next: 26%
Magic:  14/14      EV: 12    Int:  5    God:    Trog [*****.]
Gold:   933        SH: 24    Dex: 19    Spells: 13/13 levels left

rFire    + . .     SeeInvis .   Z - +8 hand axe of Zoeziasch {flame, +Inv rPois rC- Int-4}
rCold    x . .     Gourm    .   v - +2 large shield
rNeg     . . .     Faith    .   W - +3 plate armour "Qoemood" {rElec rF+ Str+3 Dex+3}
rPois    +         Spirit   .   M - +1 hat {MR+}
rElec    +         Reflect  .   L - +0 cloak
rCorr    .         Harm     +   (no gloves)
MR       ++...                  (no boots)
Stlth    ..........             S - amulet of harm
HPRegen  0.31/turn              o - +5 ring of dexterity
MPRegen  0.14/turn              Y - +5 ring of intelligence

@: no status effects
A: retaliatory headbutt, horns 2
a: Berserk, Trog's Hand, Brothers in Arms, Renounce Religion, Evoke Invisibility


You were on level 2 of the Swamp.
You worshipped Trog.
Trog was extremely pleased with you.
You were not hungry.

You visited 3 branches of the dungeon, and saw 17 of its levels.
You also visited: Sewer.

You collected 933 gold pieces.

Inventory:

Hand Weapons
 p - a +2 hand axe of electrocution
 G - a +1 broad axe of electrocution
 K - a +2 antimagic hand axe
 X - a +1 antimagic war axe
 Z - the +8 hand axe of Zoeziasch (weapon) {flame, +Inv rPois rC- Int-4}
   (You found it on level 1 of the Swamp)

   It has been specially enchanted to burn those struck by it, causing extra
   injury to most foes and up to half again as much damage against particularly
   susceptible opponents.
   Big, fiery blades are also staple armaments of hydra-hunters.
   It affects your intelligence (-4).
   It makes you vulnerable to cold.
   It protects you from poison.
   It lets you turn invisible.
Armour
 n - +0 fire dragon scales
 v - a +2 large shield (worn)
 L - a +0 cloak (worn)
 M - a +1 hat of magic resistance (worn)
 N - +0 gold dragon scales
 Q - a +1 leather armour of poison resistance
 R - a +0 plate armour
 U - +0 acid dragon scales
 W - the +3 plate armour "Qoemood" (worn) {rElec rF+ Str+3 Dex+3}
   (You found it on level 6 of the Lair of Beasts)

   It affects your strength (+3).
   It affects your dexterity (+3).
   It protects you from fire.
   It insulates you from electricity.
Jewellery
 d - an uncursed ring of resist corrosion
 o - a +5 ring of dexterity (left hand)
 D - an uncursed ring of ice
 E - an uncursed ring of fire
 P - a +3 ring of strength
 S - an amulet of harm (around neck)
 Y - a +5 ring of intelligence (right hand)
Wands
 a - a wand of acid (24)
 m - a wand of paralysis (4)
 r - a wand of enslavement (17)
 A - a wand of digging (14)
 T - a wand of random effects (10)
 V - a wand of polymorph (15)
Scrolls
 e - 5 scrolls of identify
 f - 5 scrolls of fog
 g - 5 scrolls of remove curse
 j - 3 scrolls of teleportation
 s - 2 scrolls of holy word {unknown}
 t - 4 scrolls of enchant weapon {unknown}
 w - 2 scrolls of fear
 y - 3 scrolls of vulnerability {unknown}
 C - 2 scrolls of enchant armour {unknown}
 F - a scroll of summoning {unknown}
 H - 3 scrolls of magic mapping {unknown}
 I - a scroll of blinking
Potions
 b - a potion of mutation
 h - 6 potions of flight
 i - 2 potions of ambrosia
 k - 8 potions of might
 l - 4 potions of berserk rage
 q - a potion of curing
 u - a potion of agility
 x - 3 potions of lignification
 z - 2 potions of haste
 J - 2 potions of cancellation
 O - 2 potions of heal wounds
Comestibles
 c - 31 rations
 B - 3 chunks of flesh


   Skills:
 + Level 12.1 Fighting
   Level 3.1 Long Blades
 + Level 15.2 Axes
 + Level 14.3 Armour
 * Level 8.3 Dodging
 + Level 0.8 Stealth
 + Level 14.6 Shields
 + Level 1.4 Evocations


You had 13 spell levels left.
You didn't know any spells.
Your spell library contained the following spells:

 Spells                   Type           Power        Failure   Level  Hunger
 Summon Small Mammal      Summ           #...         100%        1    ##.....
 Call Imp                 Summ           #.......     100%        2    ###....
 Call Canine Familiar     Summ           #.......     100%        3    ####...
 Summon Guardian Golem    Hex/Summ       #.......     100%        3    ####...
 Summon Ice Beast         Ice/Summ       #.......     100%        4    #####..
 Summon Lightning Spire   Summ/Air       #.......     100%        4    #####..


Dungeon Overview and Level Annotations

Branches:
Dungeon (9/15)             Temple (0/1) D:7            Lair (6/6) D:9
  Swamp (2/4) Lair:3        Snake (0/4) Lair:3        Slime (0/5) Lair:6
    Orc (0/2) D:9           Sewer (visited)

Altars:
Ashenzari
Cheibriados
Fedhas
Gozag
Makhleb
Qazlal
Ru
Sif Muna
Yredelemnul
Jiyva

Shops:
D:6 *   D:9 [


Innate Abilities, Weirdness & Mutations

You reflexively headbutt those who attack you in melee.
You have a pair of horns on your head.


Message History

You slash the alligator! You burn the alligator!
You kill the alligator!
Trog accepts your kill.
You see here a swamp worm corpse.
You butcher the swamp worm corpse.
B - 3 chunks of flesh A white very ugly thing comes into view.
The white very ugly thing gurgles horribly!
You block the white very ugly thing's attack.
You slash the white very ugly thing! You burn the white very ugly thing.
You headbutt the white very ugly thing.
The white very ugly thing is lightly wounded.
The white very ugly thing stings you but does no damage.
You hit the white very ugly thing. You burn the white very ugly thing.
The white very ugly thing is moderately wounded.
The white very ugly thing stings you!
The white very ugly thing freezes you!!!!
You feel a terrible chill!
Ouch! That really hurt!
You die...

.....≈≈≈≈≈..♣ .≈≈..≈≈≈≈≈≈.♣
..≈.. ≈≈...≈≈≈≈≈♣ ♣ ....<
≈≈≈..≈≈.≈♣ ♣≈.^....≈..≈
♣.≈≈.♣.♣♣♣♣♣ ≈.≈≈...≈..≈
♣≈≈≈.......♣..≈≈≈≈≈.≈≈.♣♣
♣♣≈.......≈....≈≈≈.♣..≈.≈≈
♣≈........≈≈≈...≈.≈♣...≈≈≈
♣≈.≈≈≈≈..@u≈≈≈........≈≈≈.
♣♣..≈≈...≈.§≈≈..<..≈..≈≈≈≈
♣♣.≈≈≈..≈♣♣≈...≈≈≈≈≈≈}<...
♣..≈≈...§♣ ♣♣..≈≈≈≈≈..♣≈..
♣.≈≈≈≈..♣♣ ♣...≈≈≈.♣.≈≈
♣.≈≈≈≈≈..♣♣ ♣♣.≈≈≈≈.♣.≈≈
♣♣♣♣♣♣..≈..≈≈≈≈♣ ♣♣..≈.♣♣♣.≈
♣♣≈≈...♣.....≈≈.♣♣♣♣♣♣♣♣...≈≈.≈≈
♣.≈≈≈≈≈≈≈≈.≈..........≈[......≈≈


You could see a white very ugly thing.

Vanquished Creatures
  Gastronok (Lair:1)
  A thorn hunter (Swamp:1)
  A fire dragon (Lair:6)
  Harold (Lair:1)
  7 hydras
  A ghost crab (Swamp:1)
  8 alligators
  The ghost of Brozuf the Grappler, a novice TrMo of Ru (D:7)
  The ghost of demivan the Blocker, a novice MiFi of the Shining One (D:7)
  The ghost of Saltbearer the Zephyrmancer, a novice TeAE of Vehumet (D:7)
  A spriggan druid (Swamp:2)
  3 swamp dragons
  A lindwurm (Lair:5)
  A manticore (Lair:6)
  5 black mambas
  15 spiny frogs
  A torpor snail (Lair:6)
  4 rime drakes
  7 komodo dragons
  Prince Ribbit (D:7)
  10 polar bears (Lair:6)
  Grinder (D:4)
  2 bog bodies
  A hornet (Swamp:2)
  A tyrant leech (Swamp:1)
  10 blink frogs
  4 dream sheep (Lair:4)
  2 raiju (Lair:6)
  5 hippogriffs
  Sigmund (D:5)
  A spriggan (Swamp:2)
  A wyvern (Lair:1)
  17 yaks
  6 basilisks
  Eustachio (D:6)
  6 wargs (Lair:6)
  6 swamp worms
  4 acid dragons (Lair:6)
  8 water moccasins
  13 hell hounds (Lair:6)
  An orc warrior (D:9)
  5 swamp drakes
  8 porcupines
  12 black bears
  2 ice beasts (D:9)
  2 phantoms
  3 sky beasts
  3 ogres
  25 wolves
  A necrophage (D:9)
  4 centaurs
  9 crocodiles
  3 big kobolds
  12 bullfrogs
  2 scorpions
  9 killer bees
  4 electric eels
  3 crimson imps
  A quasit (D:6)
  2 jellies
  6 orc wizards
  3 hounds
  2 orc priests
  A bullfrog skeleton (D:7)
  A centaur skeleton (D:9)
  5 iguanas
  Ijyb (D:5)
  4 worker ants
  A hound zombie (D:6)
  A hound skeleton (D:4)
  A worker ant zombie (D:4)
  10 adders
  A river rat (Sewer)
  An ooze (D:1)
  An adder skeleton (D:6)
  A worm (D:2)
  3 dart slugs
  3 leopard geckos
  17 orcs
  3 giant cockroaches
  6 goblins
  8 hobgoblins
  6 jackals
  2 quokkas
  11 bats
  4 frilled lizards
  2 gnoll zombies (D:8)
  A jackal zombie (D:6)
  23 kobolds
  A leopard gecko skeleton (D:7)
  A leopard gecko zombie (D:8)
  A quokka skeleton (D:5)
  12 rats
  4 briar patches (Swamp:1)
  A fungus (Lair:5)
  15 plants
437 creatures vanquished.

Vanquished Creatures (others)
  11 fungi
  22 plants
33 creatures vanquished.

Grand Total: 470 creatures vanquished

Notes
Turn   | Place    | Note
-------+----------+-------------------------------------------
     0 | D:1      | dongers the Minotaur Berserker began the quest for the Orb.
     0 | D:1      | Reached XP level 1. HP: 19/19 MP: 0/0
    68 | D:1      | Reached XP level 2. HP: 27/27 MP: 1/1
   146 | D:1      | Reached skill level 4 in Axes
   614 | D:2      | Reached ** piety under Trog
   614 | D:2      | Reached XP level 3. HP: 28/34 MP: 2/2
   738 | D:2      | Reached XP level 4. HP: 34/41 MP: 3/3
  1066 | D:2      | Found a blossoming altar of Fedhas.
  1412 | D:3      | Reached skill level 5 in Axes
  1442 | D:3      | Found a stormy altar of Qazlal.
  1744 | D:4      | Reached skill level 5 in Fighting
  1751 | D:4      | Reached XP level 5. HP: 48/48 MP: 4/4
  1759 | D:4      | Found a burning altar of Makhleb.
  1765 | D:4      | Found a snail-covered altar of Cheibriados.
  1766 | D:4      | Found a sacrificial altar of Ru.
  1829 | D:4      | Reached *** piety under Trog
  1835 | D:4      | Found a shimmering blue altar of Sif Muna.
  1859 | D:4      | Noticed Grinder
  1866 | D:4      | Paralysed by Grinder for 5 turns
  1873 | D:4      | Killed Grinder
  1873 | D:4      | Reached skill level 6 in Axes
  1873 | D:4      | Reached XP level 6. HP: 31/56 MP: 5/5
  2068 | D:4      | Reached skill level 7 in Axes
  2201 | D:4      | Reached XP level 7. HP: 45/62 MP: 6/6
  2548 | D:5      | Entered Level 5 of the Dungeon
  2574 | D:5      | Reached skill level 5 in Armour
  2589 | D:5      | Found a glowing drain.
  2603 | Sewer    | Entered a sewer
  2694 | Sewer    | Reached skill level 8 in Axes
  2933 | Sewer    | Found a white marble altar of Elyvilon.
  2997 | D:5      | Noticed Sigmund
  2998 | D:5      | Noticed Ijyb
  3005 | D:5      | Killed Sigmund
  3005 | D:5      | Reached XP level 8. HP: 70/70 MP: 7/7
  3009 | D:5      | Killed Ijyb
  3351 | D:6      | Found a shattered altar of Ashenzari.
  3476 | D:6      | Noticed Eustachio
  3506 | D:6      | Reached skill level 9 in Axes
  3506 | D:6      | Reached skill level 1 in Shields
  3530 | D:6      | Killed Eustachio
  3565 | D:6      | Reached **** piety under Trog
  3625 | D:6      | Found Gozag's Platinum Reserve.
  3627 | D:6      | Found an opulent altar of Gozag.
  3986 | D:6      | Reached XP level 9. HP: 70/78 MP: 8/8
  4043 | D:6      | Reached skill level 10 in Axes
  4584 | D:7      | Noticed Prince Ribbit
  4607 | D:7      | Killed Prince Ribbit
  5064 | D:7      | Reached skill level 5 in Shields
  5093 | D:7      | Found a staircase to the Ecumenical Temple.
  5100 | D:7      | Reached ***** piety under Trog
  5152 | D:7      | Found a runed translucent gate.
  5152 | D:7      | Found a runed translucent gate.
  5153 | D:7      | Found a runed translucent gate.
  5153 | D:7      | Noticed Saltbearer's ghost (novice TeAE)
  5153 | D:7      | Noticed demivan's ghost (novice MiFi)
  5153 | D:7      | Noticed Brozuf's ghost (novice TrMo)
  5368 | D:7      | Killed Brozuf's ghost
  5368 | D:7      | Reached XP level 10. HP: 86/86 MP: 9/9
  5369 | D:7      | Killed demivan's ghost
  5369 | D:7      | Reached skill level 11 in Axes
  5391 | D:7      | Killed Saltbearer's ghost
  5391 | D:7      | Reached skill level 10 in Armour
  6277 | D:8      | Found a basalt altar of Yredelemnul.
  7047 | D:9      | Found Jepaips's Armour Shop.
  7047 | D:9      | Found a staircase to the Orcish Mines.
  7264 | D:9      | Found a staircase to the Lair.
  7287 | D:9      | Received a gift from Trog
  7464 | Lair:1   | Entered Level 1 of the Lair of Beasts
  7468 | Lair:1   | Noticed Harold
  7492 | Lair:1   | Killed Harold
  7492 | Lair:1   | Reached skill level 5 in Dodging
  7678 | Lair:1   | Reached skill level 12 in Axes
  7691 | Lair:1   | Noticed a spiny frog
  7708 | Lair:1   | Reached XP level 11. HP: 29/94 MP: 3/10
  8167 | Lair:1   | Noticed an eight-headed hydra
  8175 | Lair:1   | Killed an eight-headed hydra
  8339 | Lair:1   | Noticed Gastronok
  8355 | Lair:1   | Killed Gastronok
  8355 | Lair:1   | Reached skill level 10 in Shields
  8943 | Lair:2   | Reached skill level 1 in Evocations
  9605 | Lair:2   | Reached skill level 13 in Axes
 10063 | Lair:3   | Found a staircase to the Swamp.
 10100 | Lair:3   | Found a staircase to the Snake Pit.
 10589 | Lair:3   | Reached XP level 12. HP: 103/104 MP: 12/12
 10594 | Lair:3   | Reached skill level 1 in Long Blades
 11195 | Lair:4   | Noticed a five-headed hydra
 11214 | Lair:4   | Killed a three-headed hydra
 11992 | Lair:4   | Noticed a five-headed hydra
 12003 | Lair:4   | Killed a three-headed hydra
 12579 | Lair:4   | Noticed a six-headed hydra
 12589 | Lair:4   | Killed a three-headed hydra
 12589 | Lair:4   | Reached skill level 10 in Fighting
 13914 | Lair:6   | Entered Level 6 of the Lair of Beasts
 13951 | Lair:6   | Got a transparent plate armour
 13962 | Lair:6   | Identified the +3 plate armour "Qoemood" {rElec rF+ Str+3
                  | Dex+3} (You found it on level 6 of the Lair of Beasts)
 13974 | Lair:6   | Reached skill level 14 in Axes
 14023 | Lair:6   | Received a gift from Trog
 14079 | Lair:6   | Reached XP level 13. HP: 110/114 MP: 10/13
 14726 | Lair:6   | Noticed a fire dragon
 14747 | Lair:6   | Killed a fire dragon
 15230 | Lair:6   | Found a staircase to the Slime Pits.
 15230 | Lair:6   | Found a viscous altar of Jiyva.
 15366 | Lair:6   | Received a gift from Trog
 16122 | Swamp:1  | Entered Level 1 of the Swamp
 16277 | Swamp:1  | Noticed a thorn hunter
 16616 | Swamp:1  | Killed a thorn hunter
 16824 | Swamp:1  | Reached skill level 15 in Axes
 16824 | Swamp:1  | Reached XP level 14. HP: 21/125 MP: 14/14
 17399 | Swamp:1  | Got a bloodstained hand axe
 17400 | Swamp:1  | Lost intelligence.
 17400 | Swamp:1  | Identified the +8 hand axe of Zoeziasch {flame, +Inv rPois
                  | rC- Int-4} (You found it on level 1 of the Swamp)
 18048 | Swamp:2  | Noticed a white very ugly thing
 18053 | Swamp:2  | Slain by a white very ugly thing

Levels and vault maps discovered:
D:1:      saegor_arrival_simple_e, layout_loops_ring
D:2:      layout_rooms, lemuel_round_altar, first_ration
D:3:      minmay_door_path, layout_basic, nicolae_qazlal_eye_of_the_storm,
          kennysheep_generic_room_11
D:4:      layout_basic, tgw_sif, chequers_temple_overflow_statue_of_worship,
          uniq_grinder
D:5:      layout_rooms, cheibrodos_sewer_entry_sluice, uniq_sigmund, uniq_ijyb
D:6:      layout_basic, nicolae_gozag_zags_fifth_avenue, basic_altar,
          uniq_eustachio
D:7:      layout_basic, minmay_temple_entry_glassed_door,
          gammafunk_ghost_cemetery, uniq_prince_ribbit1
D:8:      layout_loops_corners, lemuel_zombie_altar_yredelemnul
D:9:      layout_loops_corners, david_lair_shrubbed, orc_david_3, serial_glass,
          glass_columns_a, glass_columns_b
Lair:1:   layout_hall_layers, ldierk_geyser, grunt_megastairs_2,
          lemuel_fruit_tree, uniq_gastronok, uniq_harold
Lair:2:   layout_gridlike
Lair:3:   layout_gridlike, swamp_mist_pool, dummy_snake_entry, st_stairs_9
Lair:4:   layout_long_grid, chequers_serial_rivers_micro_c, serial_bayou_pond_c
Lair:5:   layout_regular_city
Lair:6:   hangedman_lair_caniforms_friends, layout_cave_pods,
          guppyfry_lair_end_dragon, slime_altar_1
Swamp:1:  layout_basic_swamp, serial_swamp_ruin, evilmike_swamp_ruin_house_4,
          evilmike_swamp_ruin_rubble_1, evilmike_swamp_ruin_house_6
Swamp:2:  layout_basic_swamp, nicolae_swamp_godswood,
          infiniplex_staircase_pool_2

Skill      XL: |  1  2  3  4  5  6  7  8  9 10 11 12 13 14 |
---------------+-------------------------------------------+-----
Axes           | 4 5 6 7 8 9 10 12 13 14 15 | 15.2
Fighting       | 4 5 6 7 8 9 10 11 12 | 12.1
Armour         | 3 4 6 7 9 11 13 14 | 14.3
Dodging        | 3 4 5 7 8 |  8.3
Shields        | 3 6 8 11 13 14 | 14.6
Evocations     | 1 |  1.4
Long Blades    | 3 |  3.1
Stealth        | |  0.8

Action                   |  1- 3 |  4- 6 |  7- 9 | 10-12 | 13-15 || total
-------------------------+-------+-------+-------+-------+-------++-------
Melee: Hand axe          |    56 |   110 |   265 |   557 |   221 ||  1209
       Headbutt          |     6 |    21 |    64 |   161 |   118 ||   370
       Great sword       |       |       |       |    11 |       ||    11
       Broad axe         |       |       |       |       |   105 ||   105
Invok: Berserk           |       |       |     3 |     1 |       ||     4
       Trog's Hand       |       |       |     3 |       |       ||     3
Evoke: Wand              |       |       |       |     7 |       ||     7
  Use: Scroll            |     4 |     4 |     9 |     5 |     2 ||    24
       Potion            |       |       |       |     2 |     2 ||     4
  Eat: Chunk             |       |     4 |    13 |    23 |     4 ||    44
       Ration            |       |       |       |     2 |     3 ||     5
Armor: Animal skin       |     7 |       |       |       |       ||     7
       Leather armour    |    13 |       |       |       |       ||    13
       Ring mail         |     5 |    12 |       |       |       ||    17
       Chain mail        |       |    35 |   102 |    23 |       ||   160
       Plate armour      |       |       |       |   141 |   138 ||   279
Dodge: Dodged            |    35 |    47 |    91 |   140 |   116 ||   429
Block: Shield            |       |       |    68 |   258 |   163 ||   489
       Large shield      |       |       |       |       |    93 ||    93
       Rpst.: Great sword |       |       |       |     5 |       ||     5
